 Dungeon Crawl Stone Soup version 0.21-a0-442-g848f44b (webtiles) character file.

1754 n0claF the Ruffian (level 8, -2/80 HPs)
             Began as a Troll Monk on Nov 14, 2017.
             Slain by a killer bee (4 damage)
             ... on level 7 of the Dungeon.
             The game lasted 00:13:46 (4871 turns).

n0claF the Ruffian (Troll Monk)                     Turns: 4871, Time: 00:13:46

Health: -2/80      AC:  5    Str: 20    XL:     8   Next: 78%
Magic:  7/7        EV: 12    Int:  6    God:
Gold:   346        SH:  0    Dex: 14    Spells: 7/7 levels left

rFire    . . .     SeeInvis .     - Unarmed
rCold    . . .     Gourm    +   (no shield)
rNeg     . . .     Faith    .   a - +0 robe
rPois    +         Spirit   .   (helmet restricted)
rElec    .         Reflect  .   (no cloak)
rCorr    +         Harm     +   (gloves unavailable)
MR       .....                  (boots unavailable)
Stlth    ++........             m - amulet of harm
HPRegen  0.63/turn              k - ring of resist corrosion
MPRegen  0.10/turn              r - ring of poison resistance

@: no status effects
A: unfitting armour, claws 3, fast metabolism 3, gourmand, regeneration 1,
shaggy fur 1, tough skin 2
a: no special abilities


You were on level 7 of the Dungeon.
You were not hungry.

You visited 2 branches of the dungeon, and saw 8 of its levels.

You collected 346 gold pieces.

Inventory:

Armour
 a - a +0 robe (worn)
Jewellery
 k - a ring of resist corrosion (left claw)
 m - an amulet of harm (around neck)
 r - a ring of poison resistance (right claw)
 y - a cursed ring of loudness {unknown}
Wands
 t - a wand of disintegration (9/24)
 E - a wand of flame (20/48)
Scrolls
 d - a scroll of random uselessness {unknown}
 g - 3 scrolls of enchant armour {unknown}
 i - 3 scrolls of remove curse {unknown}
 l - 2 scrolls of enchant weapon {unknown}
 n - 2 scrolls of fear {unknown}
 o - 2 scrolls of noise {unknown}
 p - a scroll of magic mapping {unknown}
 s - 7 scrolls of identify {unknown}
 u - a scroll of recharging {unknown}
 F - a scroll of teleportation {unknown}
Potions
 c - a potion of berserk rage {unknown}
 e - 3 potions of heal wounds {unknown}
 f - a potion of brilliance {unknown}
 h - 3 potions of curing
 j - a potion of agility {unknown}
 q - 2 potions of flight {unknown}
 w - a potion of degeneration {unknown}
 x - a potion of might {unknown}
 z - a potion of magic {unknown}
 B - a potion of lignification {unknown}
 C - a potion of mutation {unknown}
Comestibles
 b - 4 bread rations
 v - 2 fruits
 A - 2 royal jellies
 D - a meat ration


   Skills:
 + Level 5.3 Fighting
 + Level 5.2 Dodging
 + Level 3.6 Stealth
 + Level 6.4 Unarmed Combat


You had 7 spell levels left.
You didn't know any spells.

Dungeon Overview and Level Annotations

Branches:
Dungeon (7/15)             Temple (1/1) D:4

Altars:
Ashenzari
Cheibriados
Dithmenos
Elyvilon
Fedhas
Hepliaklqana
Kikubaaqudgha
Makhleb
Okawaru
Qazlal
Ru
Sif Muna
Trog
Uskayaw
Vehumet
Wu Jian
Xom
Yredelemnul
Zin
The Shining One

Shops:
D:2 *   D:6 *


Innate Abilities, Weirdness & Mutations

You are too large for most types of armour.
You have claws for hands.
Your metabolism is lightning-fast.
You like to eat raw meat.
Your natural rate of healing is unusually fast.
You are covered in fur. (AC +1)
You have very tough skin. (AC +2)


Message History

* * * LOW HITPOINT WARNING * * *
It was a potion of curing.
You feel better. The killer bee barely misses you. The killer bee stings you.
* * * LOW HITPOINT WARNING * * *
You closely miss the killer bee.
The killer bee is heavily wounded.
The killer bee misses you.
You closely miss the killer bee.
The killer bee is heavily wounded.
The killer bee barely misses you.
The killer bee stings you but does no damage.
You barely miss the killer bee.
The killer bee is heavily wounded.
The killer bee stings you!
* * * LOW HITPOINT WARNING * * *
The killer bee closely misses you.
You completely miss the killer bee. You claw the killer bee!
You kill the killer bee!
The killer bee stings you.
You die...

#.# #.# #.#
#.# ##### #
##.##.....
#?##........<
#........#
#..#####
#...y@.#
#.####.#
#<####.#
#....#.#
###....#
#........#
#.###...##
##.## #.#


You could see a killer bee.

Vanquished Creatures
  A sky beast (D:5)
  An orc warrior (D:4)
  An ogre (D:5)
  A centaur (D:5)
  A bullfrog (D:6)
  A wyvern skeleton (D:6)
  3 scorpions
  4 killer bees (D:7)
  2 crimson imps
  2 bullfrog zombies (D:6)
  A hound (D:6)
  2 orc priests (D:4)
  11 orc wizards
  2 iguanas
  Natasha (D:2)
  3 worker ants
  6 gnolls
  A howler monkey skeleton (D:5)
  6 adders
  3 shadow imps
  2 oozes
  2 adder zombies (D:6)
  5 worms
  A dart slug (D:1)
  6 leopard geckos
  29 orcs
  10 bats
  2 giant cockroaches
  9 goblins
  10 hobgoblins
  2 jackals (D:3)
  A quokka (D:2)
  2 frilled lizards (D:1)
  8 kobolds
  6 rats
148 creatures vanquished.

Vanquished Creatures (others)
  A wizard (D:4)
  An orc wizard (D:3)
2 creatures vanquished.

Grand Total: 150 creatures vanquished

Notes
Turn   | Place    | Note
-------+----------+-------------------------------------------
     0 | D:1      | n0claF the Troll Monk began the quest for the Orb.
     0 | D:1      | Reached XP level 1. HP: 22/22 MP: 0/0
    76 | D:1      | Reached XP level 2. HP: 29/29 MP: 1/1
   407 | D:1      | Reached XP level 3. HP: 29/36 MP: 2/2
   943 | D:2      | Found Zin's Purification Station.
   947 | D:2      | Found a glowing silver altar of Zin.
   983 | D:2      | Noticed Natasha
   993 | D:2      | Killed Natasha
  1112 | D:2      | Reached XP level 4. HP: 42/44 MP: 3/3
  1565 | D:3      | Found a shattered altar of Ashenzari.
  1718 | D:3      | Reached XP level 5. HP: 52/53 MP: 4/4
  1721 | D:3      | Reached skill level 4 in Unarmed Combat
  1896 | D:3      | Found a stormy altar of Qazlal.
  2195 | D:3      | Reached XP level 6. HP: 41/61 MP: 5/5
  2705 | D:4      | Found a radiant altar of Vehumet.
  2731 | D:4      | Reached XP level 7. HP: 44/68 MP: 6/6
  2880 | D:4      | Found a staircase to the Ecumenical Temple.
  2885 | Temple   | Entered the Ecumenical Temple
  3122 | D:4      | Reached skill level 5 in Unarmed Combat
  3480 | D:4      | Found a bloodstained altar of Trog.
  3482 | D:4      | Noticed a wizard
  3487 | D:4      | Killed a wizard
  3711 | D:5      | Entered Level 5 of the Dungeon
  3711 | D:5      | Found a sacrificial altar of Ru.
  3729 | D:5      | Reached XP level 8. HP: 28/79 MP: 7/7
  3981 | D:5      | Found a hide-covered altar of Uskayaw.
  4383 | D:6      | Found Biwug's General Store.
  4426 | D:6      | Reached skill level 6 in Unarmed Combat
  4435 | D:6      | Reached skill level 5 in Fighting
  4564 | D:6      | Found a hazy altar of Hepliaklqana.
  4565 | D:6      | Found a shimmering altar of Xom.
  4566 | D:6      | Noticed a spectral ugly thing
  4619 | D:6      | Reached skill level 5 in Dodging
  4866 | D:7      | HP: 4/80 [killer bee (6)]
  4871 | D:7      | Slain by a killer bee

Vault maps used:
D:1:      enne_arrival_octagon_isle
D:2:      zin_purify, uniq_natasha
D:3:      old_standard_altar, evilmike_ruin_ashenzari
D:4:      vehumet_crystals, temple_doors_ab, first_bread,
          corexii_hall_statues_i, trog_wizard
D:5:      lemuel_round_altar, overflow_temple_1_default
D:6:      regret_index_temple_of_mockery, serial_shops, shop
D:7:      kennysheep_mini
Temple:   minmay_temple_bridge_abc

Skill      XL: |  1  2  3  4  5  6  7  8 |
---------------+-------------------------+-----
Fighting       | 3 4 5 |  5.3
Dodging        | 3 4 5 |  5.2
Unarmed Combat | 4 5 6 |  6.4
Stealth        | 2 3 |  3.6

Action                   |  1- 3 |  4- 6 |  7- 9 || total
-------------------------+-------+-------+-------++-------
Melee: Unarmed           |   102 |   164 |   173 ||   439
       Punch             |     1 |     1 |     6 ||     8
  Use: Potion            |       |       |     1 ||     1
 Stab: Sleeping          |     4 |     1 |     3 ||     8
       Distracted        |       |       |     1 ||     1
  Eat: Chunk             |     4 |    13 |    19 ||    36
       Bread ration      |     1 |       |       ||     1
       Royal jelly       |       |       |     1 ||     1
       Fruit             |       |       |     1 ||     1
Armor: Robe              |    30 |    43 |    32 ||   105
Dodge: Dodged            |    50 |    59 |   112 ||   221

Table legend:
 A = Spawn XP
 B = Non-spawn XP
 C = Spawn XP percentage of total XP
 D = Spawn monster count
 E = Non-spawn monster count
 F = Spawn count percentage of total count
 G = Total turns spent on level
                    A         B        C        D         E        F      G
               +---------+---------+-------+---------+---------+-------+---------
         Total |       0 |    2507 |   0.0 |       0 |     148 |   0.0 |  4871
               +---------+---------+-------+---------+---------+-------+---------
           D:1 |       0 |      43 |   0.0 |       0 |      21 |   0.0 |   758
           D:2 |       0 |     114 |   0.0 |       0 |      19 |   0.0 |   750
           D:3 |       0 |     242 |   0.0 |       0 |      34 |   0.0 |   797
           D:4 |       0 |     738 |   0.0 |       0 |      33 |   0.0 |  1205
           D:5 |       0 |     466 |   0.0 |       0 |      15 |   0.0 |   562
           D:6 |       0 |     622 |   0.0 |       0 |      21 |   0.0 |   557
           D:7 |       0 |     282 |   0.0 |       0 |       5 |   0.0 |    41
               +---------+---------+-------+---------+---------+-------+---------
